 Dungeon Crawl Stone Soup version 0.32-a0-450-g080537f31e (webtiles) character file.

Game seed: 15143594341803535993

21 Dittersdorf the Trooper (level 2, 0/19 HPs)
             Began as a Gargoyle Fighter on Feb 23, 2024.
             Frozen to death by an endoplasm (3 damage)
             ... on level 1 of the Dungeon.
             The game lasted 00:00:28 (264 turns).

Dittersdorf the Trooper (Gargoyle Fighter)           Turns: 264, Time: 00:00:28

Health: 0/19       AC:  9    Str: 19    XL:     2   Next: 87%
Magic:  2/2        EV:  9    Int:  8    God:
Gold:   40         SH:  4    Dex:  9    Spells: 1/1 levels left

rFire   . . .        a - +0 flail
rCold   . . .        c - +0 buckler
rNeg    + . .        b - +0 scale mail
rPois   ∞            (no helmet)
rElec   +            (no cloak)
rCorr   .            (no gloves)
SInv    .            (no boots)
Will    .....        (no amulet) Stlth
                     (no ring)
HPRegen 0.23/turn    (no ring)
MPRegen 0.08/turn

%: no passive effects
@: very slow
A: sickness immunity, AC +2, negative energy resistance 1, electricity
resistance, torment resistance 1, petrification resistance
a: no special abilities


You were on level 1 of the Dungeon.
You visited 1 branch of the dungeon, and saw 1 of its levels.

You collected 40 gold pieces.

Inventory:

Hand Weapons
 a - a +0 flail (weapon)
Armour
 b - a +0 scale mail (worn)
 c - a +0 buckler (worn)
Scrolls
 e - 3 scrolls of teleportation {unknown}
 f - a scroll of silence {unknown}
Potions
 d - 2 potions of might
 g - a potion of heal wounds {unknown}


   Skills:
 + Level 3.6 Fighting
 + Level 2.3 Maces & Flails
 + Level 3.6 Armour
 + Level 3.6 Shields


You had one spell level left.
You didn't know any spells.
Your spell library was empty.

Dungeon Overview and Level Annotations

Branches:
Dungeon (1/15)

Altars:

Shops:
D:1 (


Innate Abilities, Weirdness & Mutations

You are immune to sickness and miasma.
Your stone body is resilient. (AC +2)
You are immune to poison.
You resist negative energy. (rN+)
You are resistant to electric shocks. (rElec)
You are resistant to unholy torment.
You are immune to petrification.


Message History

The bat hits you but does no damage.
The jackal bites you but does no damage.
The endoplasm hits you but does no damage.
The quokka bites you but does no damage.
The frilled lizard misses you. The kobold barely misses you.
The jackal bites you but does no damage.
The endoplasm freezes you.
You are frozen.
The quokka bites you but does no damage.
You are too injured to fight recklessly!
You are too injured to fight recklessly!
You are too injured to fight recklessly!
You are too injured to fight recklessly!
You are too injured to fight recklessly!
You are too injured to fight recklessly!
You are too injured to fight recklessly!
You are too injured to fight recklessly!
You are too injured to fight recklessly!
You are too injured to fight recklessly!
You are too injured to fight recklessly!
You are too injured to fight recklessly!
You hit the quokka.
The quokka is lightly wounded.
The bat barely misses you.
The jackal splashes around in the water.
The kobold hits you with a +0 club.
* * * LOW HITPOINT WARNING * * *
The frilled lizard barely misses you.
The quokka bites you but does no damage.
You block the jackal's attack.
The endoplasm hits you but does no damage.
You block the frilled lizard's attack. The kobold hits you but does no damage.
You barely miss the quokka.
The quokka is lightly wounded.
The bat hits you but does no damage.
The jackal bites you but does no damage.
The quokka barely misses you. The endoplasm freezes you.
You are frozen.
You die...

#...... ..~.~... ........#
~P.~≈~.. .~~...... #
~~≈≈≈≈PP~≈~P.....# .#
~~~≈≈≈≈≈≈≈~~~....##. ...#
~~≈~≈≈≈≈≈≈~≈~..~... .....#
~~~~~~~≈≈≈≈≈≈Phhg.###....#
...~.~~≈~~≈≈≈≈hlJK.##.$.
.......~.≈≈~P≈≈≈@h..#.#
.........~~~PPb≈Pr~...#
...........~.~≈≈≈≈$~..#
............P~~≈≈≈≈~~.#
....∩........~P≈≈≈≈P..#
...............#≈≈≈##.#
......#........##≈≈≈#.###
###.......##..###≈≈##...#
#.....#.....### ##≈≈###.##


You could see an endoplasm, a quokka, 4 jackals, a hobgoblin, a bat, a kobold
and a frilled lizard.

Vanquished Creatures
  An endoplasm (D:1)
  A goblin (D:1)
  2 hobgoblins (D:1)
  4 jackals (D:1)
  3 kobolds (D:1)
  A quokka (D:1)
  A ball python (D:1)
  2 frilled lizards (D:1)
  5 rats (D:1)
20 creatures vanquished.

Notes
Turn   | Place    | Note
-------+----------+-------------------------------------------
     0 | D:1      | Dittersdorf the Gargoyle Fighter began the quest for the
                  | Orb.
     0 | D:1      | Reached XP level 1. HP: 14/14 MP: 1/1
     6 | D:1      | Found Kaufum's Weapon Emporium.
    63 | D:1      | Reached XP level 2. HP: 19/19 MP: 2/2
   264 | D:1      | Frozen to death by an endoplasm

Illustrated notes

Levels and vault maps discovered:
D:1:      wander_arrival_lonely_grave, layout_rooms, serial_shops, shop,
          chequers_big_river

Action                     || total
---------------------------++-------
  Melee: Flail             ||    74
 Armour: Scale mail        ||   105
  Dodge: Dodged            ||    72
  Block: Buckler           ||    42

Table legend: (Time is in decaauts)
 A = Elapsed time spent in this place.
 B = Non-inter-level travel time spent in this place.
 C = Inter-level travel time spent in this place.
 D = Time resting spent in this place.
 E = Time spent auto-exploring this place.
 F = Levels seen in this place.
 G = Mean time per level.
                   A        B        C        D        E       F      G
               +--------+--------+--------+--------+--------+-----+--------+
         Total |    288 |    288 |      0 |      0 |    133 |   1 |  288.0 |
       Dungeon |    288 |    288 |      0 |      0 |    133 |   1 |  288.0 |
               +--------+--------+--------+--------+--------+-----+--------+

Top non-repeatable levels by time:
     D:1: 288 daAuts
